 Dungeon Crawl Stone Soup version 0.21.1-1-g345015f (webtiles) character file.

856 Flooderbenga the Grave Robber (level 8, 0/57 HPs)
             Began as a Gnoll Necromancer on Apr 10, 2018.
             Slain by an orc wizard
             ... wielding a +0 dagger
              (3 damage)
             ... on level 8 of the Dungeon.
             The game lasted 00:34:56 (1382 turns).

Flooderbenga the Grave Robber (Gnoll Necromancer)   Turns: 1382, Time: 00:34:57

Health: 0/57       AC:  6    Str: 11    XL:     8   Next: 2%
Magic:  6/16       EV: 15    Int: 19    God:
Gold:   208        SH:  0    Dex: 16    Spells: 8/18 levels left

rFire    . . .     SeeInvis .   q - +3 dagger (freeze)
rCold    . . .     Gourm    .   (no shield)
rNeg     . . .     Faith    +   a - +0 robe
rPois    .         Spirit   .   (no helmet)
rElec    .         Reflect  .   i - +0 cloak
rCorr    .         Harm     .   (no gloves)
MR       .....                  g - +2 pair of boots
Stlth    +++.......             l - amulet of faith
HPRegen  0.19/turn              (no ring)
MPRegen  0.15/turn              (no ring)

@: no status effects
A: distributed training, fangs 1, MP-powered wands, strong nose
a: no special abilities


You were on level 8 of the Dungeon.
You were very hungry.

You visited 2 branches of the dungeon, and saw 9 of its levels.
You also visited: Sewer.

You collected 208 gold pieces.

Inventory:

Hand Weapons
 f - a +2 antimagic hand axe
 q - a +3 dagger of freezing (weapon)
Missiles
 j - 21 stones (quivered)
 p - 16 sling bullets
Armour
 a - a +0 robe (worn)
 g - a +2 pair of boots (worn)
 i - a +0 cloak (worn)
 k - a +0 buckler
Jewellery
 l - an amulet of faith (around neck)
Scrolls
 d - 2 scrolls of remove curse {@r2}
 n - a scroll of amnesia
 r - a scroll of identify {@r1}
Potions
 e - a potion of magic
Books
 b - a book of Necromancy

   Spells                             Type                      Level
   a - Pain                           Necromancy                   1
   b - Animate Skeleton               Necromancy                   1
   c - Vampiric Draining              Necromancy                   3
   d - Regeneration                   Charms/Necromancy            3
   e - Animate Dead                   Necromancy                   4
   f - Borgnjor's Vile Clutch         Necromancy/Earth             5
Comestibles
 c - 8 rations


   Skills:
 + Level 2.8 Fighting
 + Level 2.8 Short Blades
 + Level 2.8 Long Blades
 + Level 2.8 Axes
 + Level 2.8 Maces & Flails
 + Level 2.8 Polearms
 + Level 2.8 Staves
 + Level 2.8 Slings
 + Level 2.8 Bows
 + Level 2.8 Crossbows
 + Level 2.8 Throwing
 + Level 2.8 Armour
 + Level 5.4 Dodging
 + Level 5.1 Stealth
 + Level 2.8 Shields
 + Level 2.8 Unarmed Combat
 + Level 5.8 Spellcasting
 + Level 2.2 Conjurations
 + Level 2.2 Hexes
 + Level 2.2 Charms
 + Level 2.2 Summonings
 + Level 7.5 Necromancy
 + Level 2.2 Translocations
 + Level 2.2 Transmutations
 + Level 2.2 Fire Magic
 + Level 2.2 Ice Magic
 + Level 2.2 Air Magic
 + Level 2.2 Earth Magic
 + Level 2.2 Poison Magic
 + Level 3.1 Invocations
 + Level 2.8 Evocations


You had 8 spell levels left.
You knew the following spells:

 Your Spells              Type           Power        Failure   Level  Hunger
a - Pain                  Necr           ####         1%          1    None
c - Borgnjor's Vile Clut  Necr/Erth      ###.......   38%         5    #####..
r - Regeneration          Chrm/Necr      ###.......   4%          3    ##.....
z - Animate Skeleton      Necr           N/A          1%          1    None


Dungeon Overview and Level Annotations

Branches:
Dungeon (8/15)             Temple (1/1) D:6            Lair (0/6) D:8

Altars:
Elyvilon
Fedhas
Gozag
Hepliaklqana
Makhleb
Nemelex Xobeh
Ru
Sif Muna
Trog
Uskayaw
Vehumet
Wu Jian
Xom
Yredelemnul
Zin
The Shining One

Annotations:
D:8 Hasart's ghost, novice FoFi


Innate Abilities, Weirdness & Mutations

Your experience applies equally to all skills.
You have very sharp teeth.
Your uncanny sense of smell can sniff out nearby items.
You expend magic power (3 MP) to strengthen your wands.


Message History

Okay, then.
The spell is very dangerous to cast!
Continue anyway?
Aim: an orc, wielding an enchanted trident and wearing a ring mail Decaying hands burst forth from the earth!
Zombie hands grab the orc. x2; Zombie hands grab the hound.
You are feeling very hungry.
The zombie hands constrict the hound.
You kill the hound!
You have reached level 8!
You feel stronger.
The zombie hands constrict the orc!
You kill the orc!
The zombie hands constrict the orc.
You kill the orc!
The phantom hits you.
* * * LOW HITPOINT WARNING * * *
The phantom blinks!
Hasart's ghost says, "For all the tithing, I expected a more glorious afterlife than this."
Something hits you.
You die...

#.# ##.oo
##.#.. .....
#... .).
#o########.#.#.
#W<@Wh.........
#.######..§§≈.§
#. ..≈≈≈§§ #.
.≈≈§..§ ..
.≈≈h>h§ ##
.≈≈.§≈≈ .§.§≈≈§
..≈≈... ###


You could see a phantom, a hell hound, Hasart's ghost and an orc.

Vanquished Creatures
  Menkaure (D:7)
  An ice beast (D:5)
  A centaur (D:7)
  A necrophage (D:6)
  2 bullfrogs
  2 scorpions
  A crimson imp (D:5)
  A hound (D:8)
  A jelly (D:6)
  An orc wizard (D:4)
  Ijyb (D:5)
  An iguana (D:6)
  2 worker ants
  2 adders
  An ooze (D:3)
  An adder skeleton (D:6)
  6 leopard geckos
  5 orcs
  3 bats
  A goblin (D:2)
  A hobgoblin (D:2)
  2 quokkas
  A ball python (D:5)
  A frilled lizard (D:3)
  A kobold (D:1)
  6 rats
47 creatures vanquished.

Vanquished Creatures (collateral kills)
  A worm (D:5)
1 creature vanquished.

Grand Total: 48 creatures vanquished

Notes
Turn   | Place    | Note
-------+----------+-------------------------------------------
     0 | D:1      | Flooderbenga the Gnoll Necromancer began the quest for the Orb.
     0 | D:1      | Reached XP level 1. HP: 13/13 MP: 6/6
    64 | D:2      | Reached XP level 2. HP: 18/19 MP: 4/7
    88 | D:3      | Learned a level 1 spell: Animate Skeleton
   272 | D:3      | Reached XP level 3. HP: 18/25 MP: 0/9
   278 | D:3      | Learned a level 3 spell: Regeneration
   334 | D:4      | Reached skill level 1 in Fighting
   334 | D:4      | Reached skill level 1 in Short Blades
   334 | D:4      | Reached skill level 1 in Long Blades
   334 | D:4      | Reached skill level 1 in Axes
   334 | D:4      | Reached skill level 1 in Maces & Flails
   334 | D:4      | Reached skill level 1 in Polearms
   334 | D:4      | Reached skill level 1 in Staves
   334 | D:4      | Reached skill level 1 in Slings
   334 | D:4      | Reached skill level 1 in Bows
   334 | D:4      | Reached skill level 1 in Crossbows
   334 | D:4      | Reached skill level 1 in Throwing
   334 | D:4      | Reached skill level 1 in Armour
   334 | D:4      | Reached skill level 1 in Shields
   334 | D:4      | Reached skill level 1 in Unarmed Combat
   334 | D:4      | Reached skill level 5 in Spellcasting
   334 | D:4      | Reached skill level 1 in Invocations
   334 | D:4      | Reached skill level 1 in Evocations
   340 | D:5      | Entered Level 5 of the Dungeon
   351 | D:5      | Found a glowing drain.
   365 | D:5      | Reached XP level 4. HP: 26/32 MP: 0/11
   371 | Sewer    | Entered a sewer
   405 | Sewer    | Noticed a big kobold
   461 | D:5      | Reached skill level 1 in Conjurations
   461 | D:5      | Reached skill level 1 in Hexes
   461 | D:5      | Reached skill level 1 in Charms
   461 | D:5      | Reached skill level 1 in Summonings
   461 | D:5      | Reached skill level 1 in Translocations
   461 | D:5      | Reached skill level 1 in Transmutations
   461 | D:5      | Reached skill level 1 in Fire Magic
   461 | D:5      | Reached skill level 1 in Ice Magic
   461 | D:5      | Reached skill level 1 in Air Magic
   461 | D:5      | Reached skill level 1 in Earth Magic
   461 | D:5      | Reached skill level 1 in Poison Magic
   488 | D:5      | Noticed Ijyb
   492 | D:5      | Killed Ijyb
   492 | D:5      | Reached XP level 5. HP: 34/37 MP: 7/12
   495 | D:5      | Noticed an ice beast
   497 | D:5      | Killed an ice beast
   509 | D:5      | Learned a level 5 spell: Borgnjor's Vile Clutch
   566 | D:4      | Reached XP level 6. HP: 43/44 MP: 10/13
   587 | D:4      | Noticed a phantom
   644 | D:5      | Reached skill level 5 in Dodging
   660 | D:5      | You fall through a shaft for 2 floors!
   695 | D:7      | Noticed a phantom
   796 | D:6      | Found a staircase to the Ecumenical Temple.
   802 | Temple   | Entered the Ecumenical Temple
   909 | D:6      | Reached XP level 7. HP: 47/50 MP: 10/15
   996 | D:6      | Gained mutation: You expend magic power (3 MP) to strengthen your wands. [mutagenic glow]
  1043 | D:7      | Noticed Menkaure
  1059 | D:7      | Killed Menkaure
  1216 | D:8      | Reached skill level 5 in Stealth
  1275 | D:7      | Found a shimmering altar of Xom.
  1280 | D:7      | Found a basalt altar of Yredelemnul.
  1322 | D:8      | Noticed Hasart's ghost (novice FoFi)
  1322 | D:8      | Found a staircase to the Lair.
  1382 | D:8      | Reached XP level 8. HP: 7/57 MP: 6/16
  1382 | D:8      | Slain by an orc wizard

Skill      XL: |  1  2  3  4  5  6  7 |
---------------+----------------------+-----
Fighting       | 1 2 |  2.8
Short Blades   | 1 2 |  2.8
Long Blades    | 1 2 |  2.8
Axes           | 1 2 |  2.8
Maces & Flails | 1 2 |  2.8
Polearms       | 1 2 |  2.8
Staves         | 1 2 |  2.8
Slings         | 1 2 |  2.8
Bows           | 1 2 |  2.8
Crossbows      | 1 2 |  2.8
Throwing       | 1 2 |  2.8
Armour         | 1 2 |  2.8
Shields        | 1 2 |  2.8
Unarmed Combat | 1 2 |  2.8
Spellcasting   | 5 |  5.8
Invocations    | 1 2 3 |  3.1
Evocations     | 1 2 |  2.8
Conjurations   | 1 2 |  2.2
Hexes          | 1 2 |  2.2
Charms         | 1 2 |  2.2
Summonings     | 1 2 |  2.2
Translocations | 1 2 |  2.2
Transmutations | 1 2 |  2.2
Fire Magic     | 1 2 |  2.2
Ice Magic      | 1 2 |  2.2
Air Magic      | 1 2 |  2.2
Earth Magic    | 1 2 |  2.2
Poison Magic   | 1 2 |  2.2
Dodging        | 5 |  5.4
Stealth        | 5 |  5.1
Necromancy     | |  7.5

Action                   |  1- 3 |  4- 6 |  7- 9 || total
-------------------------+-------+-------+-------++-------
Melee: Dagger            |     5 |    18 |    59 ||    82
       Hand axe          |       |       |     3 ||     3
       Punch             |       |       |     1 ||     1
 Cast: Pain              |    18 |    26 |     5 ||    49
       Animate Skeleton  |     2 |     2 |     2 ||     6
       Borgnjor's Vile C |       |       |     6 ||     6
       Regeneration      |       |       |     2 ||     2
Evoke: Wand              |       |     1 |       ||     1
  Use: Scroll            |       |     5 |     3 ||     8
       Potion            |       |     1 |     4 ||     5
 Stab: Sleeping          |     5 |     6 |     3 ||    14
       Distracted        |       |     1 |       ||     1
  Eat: Ration            |       |       |     1 ||     1
       Chunk             |       |       |     1 ||     1
Armor: Skin              |       |     7 |    82 ||    89
       Robe              |       |       |     4 ||     4
Dodge: Dodged            |     5 |     4 |    28 ||    37
Block: Buckler           |       |     4 |     1 ||     5
